 Dungeon Crawl Stone Soup version 0.17.0-26-gececa24 (console) character file.

2931 Kloppie the Cleaver (level 9, -7/85 HPs)
             Began as a Hill Orc Fighter on Nov 19, 2015.
             Was a Believer of Elyvilon.
             Killed from afar by Erica (21 damage)
             ... with a bolt of poison
             ... on level 8 of the Dungeon.
             The game lasted 00:11:25 (5170 turns).

Kloppie the Cleaver (Hill Orc Fighter)              Turns: 5170, Time: 00:11:25

Health: -7/85      AC: 12    Str: 19    XL:     9   Next: 79%
Magic:  15/15      EV:  7    Int:  8    God:    Elyvilon [**....]
Gold:   580        SH:  9    Dex: 13    Spells: 0 memorised, 8 levels left

rFire  . . .     SeeInvis .     a - +1 war axe
rCold  + + .     Clarity  .     y - +2 scale mail of the Lost Runes {rC+}
rNeg   . . .     SustAt   .     c - +0 shield
rPois  .         Gourm    .     (no helmet)
rElec  .         Spirit   .     (no cloak)
rCorr  .         Warding  .     f - +2 pair of gloves
rMut   .         Stasis   .     (no boots)
MR     .....                    (no amulet)
Stlth  ..........               q - ring of loudness (curse)
                                p - ring of protection from cold

@: lethally poisoned (-7 -> -28), not resistant to hostile enchantments,
extremely unstealthy
A: no striking features
a: Lesser Healing, Heal Other, Divine Protection, Renounce Religion


You were on level 8 of the Dungeon.
You worshipped Elyvilon.
Elyvilon was pleased with you.
You were not hungry.

You visited 1 branch of the dungeon, and saw 8 of its levels.
You also visited: Sewer and Ossuary.

You collected 580 gold pieces.

Inventory:

Hand Weapons
 a - a +1 war axe (weapon)
Armour
 c - a +0 shield (worn)
 f - a +2 pair of gloves (worn)
 y - the +2 scale mail of the Lost Runes (worn) {rC+}
   (You found it on level 7 of the Dungeon)

   It protects you from cold.
Jewellery
 p - a ring of protection from cold (left hand)
 q - a cursed ring of loudness (right hand)
Wands
 o - a wand of magic darts (21)
 t - a wand of teleportation (6)
Scrolls
 d - a scroll of identify
 h - 2 scrolls of immolation
 k - a scroll of remove curse
 l - a scroll of fog {unknown}
 n - 4 scrolls of noise
 r - a scroll of enchant weapon
 v - a scroll of fear
Potions
 b - a potion of mutation
 j - a potion of brilliance {unknown}
 m - a potion of resistance
 s - a potion of degeneration
 u - 3 potions of flight
 z - 2 potions of lignification
Comestibles
 e - 4 bread rations
 g - 2 meat rations
 i - 3 slices of pizza
 w - 3 chunks of flesh


   Skills:
 + Level 10.3 Fighting
 + Level 10.5 Axes
 - Level 3.2 Armour
 - Level 3.2 Shields
 + Level 9.0 Invocations


You had 8 spell levels left.
You didn't know any spells.

Dungeon Overview and Level Annotations

Branches:
Dungeon (8/15)
 Temple: D:4-7         Lair: D:8-11

Altars:
Dithmenos
Gozag
Qazlal
Ru
Sif Muna
Xom
Zin

Annotations:
D:5 DOORAAD's ghost, novice MiBe
D:8 Erica


Message History

The hound is moderately wounded.
You slash something!
You hear some strange, mumbled words.
A bolt of poison appears from out of thin air!
The bolt of poison hits you!
You are poisoned.
* * * LOW HITPOINT WARNING * * *
The hound barely misses you.
You closely miss something. You slash the hound!
The hound is almost dead.
You feel sick. The hound bites you but does no damage.
Something hits you but does no damage. The hound bites you but does no damage.
You miss something. You closely miss the hound.
The hound is almost dead.
You feel sick.
You hear some strange, mumbled words.
A bolt of poison appears from out of thin air!
The bolt of poison hits you!
You are lethally poisoned!
You die...

....................#
....................#
...........†..))....#
#.............<.....#
#.............)(....+
#...................#
########............#
.......##'####......#
......{@.....#......#
......h......#......#
.............#......#
.............#......#
.............#
##############


You could see a hound.

Vanquished Creatures
  The ghost of SirJodelstein the Transmogrifier, a novice NaTm of Cheibriados (D:7)
  Grinder (D:5)
  A hippogriff (D:7)
  An ogre (D:7)
  A sky beast (D:6)
  2 ice beasts
  2 centaurs
  2 big kobolds
  A giant frog (D:8)
  3 wights (D:6)
  4 killer bees (D:7)
  A crimson imp (D:7)
  A centaur zombie (Ossuary)
  A human zombie (Ossuary)
  2 giant frog skeletons (D:7)
  6 orc wizards
  7 worker ants
  Terence (D:2)
  Natasha (twice) (D:3)
  An iguana (D:8)
  A hell rat (D:6)
  5 big kobold zombies (Ossuary)
  2 mummies (Ossuary)
  A hound skeleton (D:3)
  6 adders
  4 gnolls (D:6)
  6 river rats (D:6)
  3 shadow imps
  An ooze (D:3)
  2 adder skeletons
  An adder zombie (D:6)
  2 worms (D:2)
  2 giant geckos
  17 orcs
  A ball python (D:3)
  5 hobgoblins
  18 jackals
  11 kobolds
  2 quokkas
  6 bats
  11 giant cockroaches
  5 giant newts
  2 gnoll zombies (Ossuary)
  9 goblins
  2 goblin zombies (Ossuary)
  A hobgoblin zombie (Ossuary)
  A jackal skeleton (D:4)
  2 orc zombies (Ossuary)
  2 quokka skeletons (D:4)
  31 rats
203 creatures vanquished.

Notes
Turn   | Place    | Note
--------------------------------------------------------------
     0 | D:1      | Kloppie the Hill Orc Fighter began the quest for the Orb.
     0 | D:1      | Reached XP level 1. HP: 19/19 MP: 1/1
   107 | D:1      | Reached skill level 4 in Fighting
   107 | D:1      | Reached XP level 2. HP: 27/27 MP: 2/2
   622 | D:2      | Noticed Terence
   625 | D:2      | Reached XP level 3. HP: 32/34 MP: 3/3
   650 | D:2      | Killed Terence
   768 | D:2      | Found a shadowy altar of Dithmenos.
   809 | D:2      | Reached XP level 4. HP: 41/41 MP: 4/4
   901 | D:2      | Reached skill level 5 in Fighting
  1074 | D:3      | Found a sacrificial altar of Ru.
  1084 | D:3      | Reached XP level 5. HP: 46/48 MP: 5/5
  1287 | D:3      | Reached skill level 5 in Axes
  1295 | D:3      | Found a glowing drain.
  1297 | D:3      | Noticed Natasha
  1311 | D:3      | Killed Natasha
  1340 | Sewer    | Entered a sewer
  1429 | Sewer    | Reached skill level 6 in Fighting
  1429 | Sewer    | Reached XP level 6. HP: 55/57 MP: 6/6
  1447 | Sewer    | Found a white marble altar of Elyvilon.
  1457 | Sewer    | Became a worshipper of Elyvilon the Healer
  1599 | D:3      | Reached skill level 1 in Invocations
  1645 | D:3      | Noticed Natasha
  1666 | D:3      | Killed Natasha
  1749 | D:3      | Found a shimmering altar of Xom.
  1749 | D:3      | Noticed an angel
  1752 | D:3      | Found a glowing silver altar of Zin.
  2389 | D:4      | Reached XP level 7. HP: 62/64 MP: 9/9
  2567 | D:4      | Reached * piety under Elyvilon
  2682 | D:4      | Found a deep blue altar of Sif Muna.
  2705 | D:4      | Reached skill level 7 in Fighting
  2822 | D:5      | Entered Level 5 of the Dungeon
  2905 | D:5      | Noticed Grinder
  2907 | D:5      | Paralysed by Grinder for 2 turns
  2916 | D:5      | Killed Grinder
  2997 | D:5      | Noticed DOORAAD's ghost (novice MiBe)
  3329 | D:6      | Reached XP level 8. HP: 47/74 MP: 11/11
  3400 | D:6      | Reached skill level 5 in Invocations
  3404 | D:6      | Reached skill level 8 in Fighting
  3652 | D:6      | Found a stormy altar of Qazlal.
  4027 | D:7      | Found an opulent altar of Gozag.
  4029 | D:7      | Got a polished scale mail
  4030 | D:7      | Identified the +2 scale mail of the Lost Runes {rC+} (You found it on level 7 of the Dungeon)
  4145 | D:7      | Reached skill level 9 in Fighting
  4218 | D:7      | Reached XP level 9. HP: 21/83 MP: 14/14
  4352 | D:7      | Reached ** piety under Elyvilon
  4475 | D:7      | Found a sand-covered staircase.
  4477 | D:7      | Noticed SirJodelstein's ghost (novice NaTm)
  4486 | Ossuary  | Entered an ossuary
  4856 | D:7      | Killed SirJodelstein's ghost
  4856 | D:7      | Reached skill level 10 in Fighting
  4856 | D:7      | Reached skill level 10 in Axes
  5156 | D:8      | Noticed Erica
  5170 | D:8      | Killed from afar by Erica

Action                   |  1- 3 |  4- 6 |  7- 9 || total
-------------------------+-------+-------+-------++-------
Melee: War axe           |    96 |   211 |   452 ||   759
  Use: Scroll            |       |       |    15 ||    15
       Potion            |       |       |     8 ||     8
 Stab: Paralysed         |       |     3 |       ||     3
  Eat: Chunk             |       |     4 |     4 ||     8
       Pizza             |       |       |     4 ||     4
       Beef jerky        |       |       |     1 ||     1
